 Dungeon Crawl Stone Soup version 0.23-a0-629-gae4348f6cf (webtiles) character file.

2044 HereIgoKillingAgain the Cleaver (level 9, 0/123 HPs)
             Began as a Hill Orc Fighter on Dec 26, 2018.
             Was a Follower of Beogh.
             Slain by a killer bee (7 damage)
             ... on level 7 of the Dungeon.
             The game lasted 00:07:07 (5508 turns).

HereIgoKillingAgain the Cleaver (Hill Orc Fighter)  Turns: 5508, Time: 00:07:07

Health: 0/123      AC:  7    Str: 28    XL:     9   Next: 24%
Magic:  9/9        EV:  8    Int: 11    God:    Beogh [*.....]
Gold:   360        SH:  9    Dex: 10    Spells: 8/8 levels left

rFire    + + +     SeeInvis +   a - +0 war axe
rCold    x . .     Gourm    .   c - +0 shield
rNeg     + . .     Faith    .   h - +1 leather armour of Watchfulness {rF+++ rC- MR++ Str+4} (curse)
rPois    .         Spirit   .   t - +0 helmet
rElec    .         Reflect  .   w - +0 cloak
rCorr    .         Harm     .   y - +0 pair of gloves
MR       ++...                  (no boots)
Stlth    ..........             (no amulet)
HPRegen  0.30/turn              m - ring of positive energy
MPRegen  0.11/turn              v - ring of see invisible

@: berserking (expiring), lethally poisoned (0 -> -15), drained, very quick
A: no striking features
a: Renounce Religion


You were on level 7 of the Dungeon.
You worshipped Beogh.
Beogh was aware of your devotion.
You were not hungry.

You visited 2 branches of the dungeon, and saw 8 of its levels.

You collected 360 gold pieces.

Inventory:

Hand Weapons
 a - a +0 war axe (weapon)
Armour
 c - a +0 shield (worn)
 h - the cursed +1 leather armour of Watchfulness (worn) {rF+++ rC- MR++ Str+4}
   (You found it on level 5 of the Dungeon)

   It affects your strength (+4).
   It renders you almost immune to fire.
   It makes you vulnerable to cold.
   It affects your resistance to hostile enchantments.
   It has a curse placed upon it.
 i - a +1 plate armour
 t - a +0 helmet (worn)
 w - a +0 cloak (worn)
 y - a +0 pair of gloves (worn)
Jewellery
 m - a ring of positive energy (left hand)
 v - a ring of see invisible (right hand)
Wands
 A - a wand of scattershot (1)
Scrolls
 d - a scroll of fog
 g - 2 scrolls of identify
 k - a scroll of teleportation
 o - a scroll of amnesia
Potions
 b - a potion of mutation
 e - 2 potions of curing
 l - a potion of lignification {unknown}
 n - a potion of flight
 p - a potion of ambrosia
 q - 3 potions of agility {unknown}
 s - a potion of invisibility {unknown}
 x - a potion of berserk rage
 B - a potion of brilliance {unknown}
Comestibles
 f - 10 rations


   Skills:
 + Level 8.9(8.5) Fighting
 * Level 12.5(12.0) Axes
 - Level 3.2(2.9) Armour
 - Level 3.2(2.9) Shields


You had 8 spell levels left.
You didn't know any spells.
Your spell library was empty.

Dungeon Overview and Level Annotations

Branches:
Dungeon (7/15)             Temple (1/1) D:7

Altars:
Ashenzari
Cheibriados
Dithmenos
Elyvilon
Gozag
Hepliaklqana
Kikubaaqudgha
Makhleb
Nemelex Xobeh
Ru
Trog
Uskayaw
Vehumet
Wu Jian
Xom
Zin
The Shining One


Message History

* * * LOW HITPOINT WARNING * * *
You are more poisoned.
The killer bee poisons you!
You closely miss the killer bee.
You feel sick. The killer bee barely misses you.
You closely miss the killer bee.
You feel sick. You block the killer bee's attack. The killer bee stings you.
* * * LOW HITPOINT WARNING * * *
You are lethally poisoned!
The killer bee poisons you!
You closely miss the killer bee.
* * * LOW HITPOINT WARNING * * *
You feel sick. The killer bee stings you.
* * * LOW HITPOINT WARNING * * *
You slice the killer bee!!
You kill the killer bee!
Beogh accepts your kill.
* * * LOW HITPOINT WARNING * * *
You feel sick. The killer bee stings you!
You die...

#.# #. ###.##
##.. #....#.....
###..#....##
#..##.....##
####..........#.
#...............
#y#'#..##......#
#@+_yy.##......#
###'#.........#
#.#..)#.....#
#.....##...##
###....#...#
#........##
#.......##
###....## ##...#


You could see a killer bee.

Vanquished Creatures
  3 orc warriors
  A black bear (D:6)
  An ice beast (D:2)
  2 centaurs
  An ogre (D:6)
  A big kobold (Temple)
  4 scorpions
  4 killer bees (D:7)
  A jelly (D:6)
  A howler monkey (D:6)
  A crimson imp (D:6)
  A centaur zombie (D:6)
  A bullfrog skeleton (D:6)
  2 orc priests (D:6)
  5 hounds
  A centaur skeleton (D:6)
  2 iguanas
  Ijyb (D:4)
  6 worker ants
  3 orc wizards
  A gnoll (D:6)
  8 adders
  A shadow imp (D:7)
  A worm (D:4)
  A dart slug (D:1)
  A leopard gecko (D:4)
  13 orcs
  7 bats
  6 giant cockroaches
  6 goblins
  12 hobgoblins
  4 kobolds
  5 quokkas
  3 ball pythons
  6 frilled lizards
  A leopard gecko skeleton (D:7)
  11 rats
129 creatures vanquished.

Vanquished Creatures (others)
  A bullfrog (D:6)
1 creature vanquished.

Grand Total: 130 creatures vanquished

Notes
Turn   | Place    | Note
-------+----------+-------------------------------------------
     0 | D:1      | HereIgoKillingAgain the Hill Orc Fighter began the quest
                  | for the Orb.
     0 | D:1      | Reached XP level 1. HP: 19/19 MP: 1/1
    40 | D:1      | Reached skill level 3 in Axes
    75 | D:1      | Reached XP level 2. HP: 27/27 MP: 2/2
   256 | D:1      | Reached skill level 4 in Axes
   560 | D:1      | Reached XP level 3. HP: 32/33 MP: 3/3
   733 | D:2      | Noticed an ice beast
   738 | D:2      | Killed an ice beast
   738 | D:2      | Reached skill level 5 in Axes
   738 | D:2      | Reached XP level 4. HP: 20/41 MP: 4/4
   738 | D:2      | Reached XP level 5. HP: 23/47 MP: 5/5
  1053 | D:2      | Found a sacrificial altar of Ru.
  1185 | D:2      | Reached skill level 6 in Axes
  2089 | D:3      | Reached skill level 5 in Fighting
  2269 | D:4      | Reached XP level 6. HP: 56/56 MP: 6/6
  2287 | D:4      | Found a shadowy altar of Dithmenos.
  2289 | D:4      | Noticed Ijyb
  2306 | D:4      | Killed Ijyb
  2306 | D:4      | Reached skill level 7 in Axes
  3239 | D:5      | Entered Level 5 of the Dungeon
  3307 | D:5      | Reached skill level 8 in Axes
  3307 | D:5      | Reached XP level 7. HP: 54/63 MP: 7/7
  3524 | D:5      | Got a transparent leather armour
  3525 | D:5      | Identified the cursed +1 leather armour of Watchfulness
                  | {rF+++ rC- MR++ Str+4} (You found it on level 5 of the
                  | Dungeon)
  3580 | D:5      | Found an ornate altar of the Wu Jian Council.
  3627 | D:5      | Found a radiant altar of Vehumet.
  3627 | D:5      | Found a burning altar of Makhleb.
  3628 | D:5      | Found a shadowy altar of Dithmenos.
  4023 | D:6      | Reached skill level 9 in Axes
  4059 | D:6      | Became a worshipper of Beogh the Brigand
  4118 | D:6      | Reached XP level 8. HP: 46/73 MP: 8/8
  4165 | D:6      | Reached skill level 10 in Axes
  4528 | D:6      | Reached skill level 11 in Axes
  4838 | D:6      | Reached * piety under Beogh
  4847 | D:7      | Found a staircase to the Ecumenical Temple.
  4853 | Temple   | Entered the Ecumenical Temple
  5210 | D:7      | Reached XP level 9. HP: 56/82 MP: 9/9
  5212 | D:7      | Reached skill level 12 in Axes
  5230 | D:7      | Found a shimmering altar of Xom.
  5508 | D:7      | Slain by a killer bee

Vault maps used:
D:1:      dpeg_arrival_pits
D:2:      marbit_many_paths, first_ration, minmay_misc_feat_doors,
          kennysheep_generic_room_13
D:4:      grunt_decor_fettered, nicolae_dithmenos_shadow_blocks, uniq_ijyb
D:5:      gammafunk_temple_overflow_claw, kennysheep_mini_moat,
          serial_bayou_crossing
D:6:      kennysheep_housing_project, lemuel_round_altar
D:7:      minmay_the_grid_triangle_9x9_recursive_2, kennysheep_mini,
          yredelemnul_forgotten_temple_becter,
          minmay_temple_entry_drinking_statues, serial_shops,
          nicolae_shop_crystal, uniq_menkaure
Temple:   jpeg_temple_clearing

Skill      XL: |  1  2  3  4  5  6  7  8  9 |
---------------+----------------------------+-----
Axes           | 3 4 5 6 8 9 11 12 | 12.5
Fighting       | 4 5 6 7 8 |  8.9
Armour         | |  3.2
Shields        | |  3.2

Action                   |  1- 3 |  4- 6 |  7- 9 || total
-------------------------+-------+-------+-------++-------
Melee: War axe           |    85 |   160 |   183 ||   428
Invok: Convert to Beogh  |       |       |     1 ||     1
Evoke: Wand              |       |       |     3 ||     3
  Use: Scroll            |       |    10 |     3 ||    13
       Potion            |       |       |     4 ||     4
  Eat: Chunk             |       |     3 |     6 ||     9
       Ration            |       |     1 |     1 ||     2
Armor: Scale mail        |    20 |       |       ||    20
       Plate armour      |    51 |    99 |     7 ||   157
       Leather armour    |       |       |    48 ||    48
Dodge: Dodged            |    28 |    18 |    61 ||   107
Block: Shield            |    57 |    82 |    79 ||   218

Table legend:
 A = Non-vault XP
 B = Vault XP
 C = Vault XP percentage of total XP
 D = Non-vault monster count
 E = Vault monster count
 F = Vault count percentage of total count
                 A         B        C        D         E       F
            +---------+---------+-------+---------+---------+-------
      Total |    2549 |     372 |  12.7 |     114 |      16 |  12.3
            +---------+---------+-------+---------+---------+-------
        D:1 |      36 |       0 |   0.0 |      23 |       0 |   0.0
        D:2 |     165 |       4 |   2.4 |      19 |       2 |   9.5
        D:3 |      49 |       0 |   0.0 |      13 |       0 |   0.0
        D:4 |     234 |      35 |  13.0 |      11 |       1 |   8.3
        D:5 |     239 |       0 |   0.0 |       5 |       0 |   0.0
        D:6 |    1132 |     233 |  17.1 |      28 |      12 |  30.0
        D:7 |     627 |       0 |   0.0 |      14 |       0 |   0.0
     Temple |      67 |     100 |  59.9 |       1 |       1 |  50.0
            +---------+---------+-------+---------+---------+-------
